 Dungeon Crawl Stone Soup version 0.22-a0-512-g0943f25 (webtiles) character file.

3833 kae the Carver (level 9, -10/82 HPs)
             Began as a Minotaur Fighter on June 18, 2018.
             Was a Priest of Makhleb.
             Mangled by a two-headed ogre
             ... wielding a +0 giant club
              (12 damage)
             ... on level 8 of the Dungeon.
             The game lasted 00:05:32 (7244 turns).

kae the Carver (Minotaur Fighter)                   Turns: 7244, Time: 00:05:33

Health: -10/82     AC: 11    Str: 22    XL:     9   Next: 98%
Magic:  9/9        EV: 16    Int:  6    God:    Makhleb [***...]
Gold:   399        SH:  9    Dex: 11    Spells: 8/8 levels left

rFire    . . .     SeeInvis .   b - +2 rapier (flame)
rCold    . . .     Gourm    +   c - +0 shield
rNeg     . . .     Faith    .   p - +1 scale mail
rPois    .         Spirit   .   (helmet restricted)
rElec    .         Reflect  .   (no cloak)
rCorr    .         Harm     .   (no gloves)
MR       .....                  (no boots)
Stlth    ..........             w - amulet of the gourmand
HPRegen  0.23/turn              u - +2 ring of protection
MPRegen  0.11/turn              m - +5 ring of evasion

@: no status effects
A: retaliatory headbutt, horns 2
a: Minor Destruction, Lesser Servant of Makhleb, Renounce Religion


You were on level 8 of the Dungeon.
You worshipped Makhleb.
Makhleb was most pleased with you.
You were hungry.

You visited 2 branches of the dungeon, and saw 9 of its levels.

You collected 399 gold pieces.

Inventory:

Hand Weapons
 a - a +0 long sword
 b - a +2 rapier of flaming (weapon)
Armour
 c - a +0 shield (worn)
 p - a +1 scale mail (worn)
Jewellery
 m - a +5 ring of evasion (right hand)
 u - a +2 ring of protection (left hand)
 w - an amulet of the gourmand (around neck)
Wands
 k - a wand of polymorph (10)
 o - a wand of paralysis (22)
 q - a wand of enslavement (11)
 y - a wand of random effects (23)
Scrolls
 e - 4 scrolls of remove curse
 h - 2 scrolls of enchant armour
 j - a scroll of amnesia
 s - a scroll of immolation {unknown}
 t - a scroll of magic mapping
 v - a scroll of teleportation
Potions
 d - 2 potions of might
 g - 3 potions of flight
 i - 4 potions of curing
 l - 2 potions of brilliance
 n - a potion of cancellation
 r - a potion of ambrosia
 x - a potion of heal wounds {unknown}
 z - a potion of magic {unknown}
Comestibles
 f - 21 rations


   Skills:
 + Level 8.4 Fighting
 * Level 10.9 Long Blades
 + Level 8.3 Armour
 + Level 6.7 Dodging
 - Level 3.6 Shields
 + Level 2.3 Invocations


You had 8 spell levels left.
You didn't know any spells.
Your spell library contained the following spells:

 Spells                   Type           Power        Failure   Level  Hunger
 Magic Dart               Conj           #...         99%         1    ##.....
 Conjure Flame            Conj/Fire      #.......     100%        3    ####...
 Slow                     Hex            #.......     100%        2    ###....
 Mephitic Cloud           Conj/Pois/Air  #.......     100%        3    ####...
 Blink                    Tloc           N/A          100%        2    ###....
 Animate Dead             Necr           N/A          100%        4    #####..
 Pain                     Necr           #...         99%         1    ##.....
 Animate Skeleton         Necr           N/A          99%         1    ##.....
 Vampiric Draining        Necr           #.........   100%        3    ####...
 Call Imp                 Summ           #.......     100%        2    ###....
 Regeneration             Chrm/Necr      #.........   100%        3    ####...


Dungeon Overview and Level Annotations

Branches:
Dungeon (8/15)             Temple (1/1) D:4
   Lair: D:8-11

Altars:
Ashenzari
Cheibriados
Dithmenos
Fedhas
Gozag
Hepliaklqana
Kikubaaqudgha
Makhleb
Nemelex Xobeh
Okawaru
Qazlal
Ru
Sif Muna
Trog
Uskayaw
Vehumet
Wu Jian
Xom
Yredelemnul
Lugonu

Annotations:
D:3 3 runed doors, Jielit's ghost, amateur GnWn


Innate Abilities, Weirdness & Mutations

You reflexively headbutt those who attack you in melee.
You have a pair of horns on your head.


Message History

The two-headed ogre misses you. You block the two-headed ogre's attack.
You puncture the two-headed ogre! You burn the two-headed ogre.
The two-headed ogre is severely wounded.
The two-headed ogre hits you but does no damage.
The two-headed ogre misses you.
Your shield and scale mail prevent you from hitting the two-headed ogre.
The two-headed ogre is severely wounded.
You hit the two-headed ogre. You burn the two-headed ogre.
The two-headed ogre is almost dead.
The two-headed ogre hits you with a giant club.
* * * LOW HITPOINT WARNING * * *
You block the two-headed ogre's attack.
You hit the two-headed ogre. You burn the two-headed ogre.
The two-headed ogre is almost dead.
The two-headed ogre completely misses you.
You block the two-headed ogre's attack.
You barely miss the two-headed ogre.
The two-headed ogre is almost dead.
The two-headed ogre hits you with a giant club!
You die...

**********
*,,,,,,,,********################
*,*,,,,,,,,,,,,,,................
*,*,****,***,,,,,........#####'##
*,,,,***.###.###########.# #.....
***,,,,,......sO@......#.# #.♣.♣.
*,,,<*.###...###..#..#)# #.._..
*,*,,,.......*#.≈.≈.≈..###.♣.♣.
*,,,,,.......*#≈##'##≈..##.....
***,****##.....*###...##...######
,,,,,,,,.......* #.#.##..## ####
,**,****#######***#...##..####...
,*,>,,,,,,,,,,,,,*##'###....)...#
,,,,,,,*********** #.# #..####...


You could see a two-headed ogre and a giant cockroach.

Vanquished Creatures
  Grinder (D:5)
  Eustachio (D:5)
  2 black bears (D:8)
  An ice beast (D:6)
  3 orc warriors
  4 sky beasts
  3 ogres
  A centaur (D:6)
  A bullfrog (D:8)
  2 scorpions
  A water moccasin skeleton (D:7)
  6 killer bees (D:7)
  7 wights
  5 howler monkeys
  7 crimson imps
  2 hounds
  3 orc priests
  7 orc wizards
  3 jellies (D:8)
  A gnoll shaman (D:7)
  2 iguanas
  Terence (D:2)
  6 worker ants
  A hound zombie (D:5)
  3 hound skeletons
  A howler monkey skeleton (D:7)
  A worker ant zombie (D:6)
  4 gnolls (D:7)
  11 adders
  5 oozes (D:8)
  An adder zombie (D:7)
  2 adder skeletons
  3 worms
  2 dart slugs
  5 leopard geckos
  33 orcs
  2 ball pythons
  6 giant cockroaches
  8 goblins
  4 hobgoblins
  9 jackals
  7 quokkas
  6 bats (D:1)
  5 frilled lizards
  A jackal skeleton (D:6)
  3 kobolds
  A leopard gecko skeleton (D:6)
  A quokka zombie (D:5)
  4 rats
199 creatures vanquished.

Notes
Turn   | Place    | Note
-------+----------+-------------------------------------------
     0 | D:1      | kae the Minotaur Fighter began the quest for the Orb.
     0 | D:1      | Reached XP level 1. HP: 19/19 MP: 0/0
    89 | D:1      | Reached XP level 2. HP: 18/27 MP: 1/1
   508 | D:1      | Reached skill level 3 in Long Blades
   833 | D:2      | Reached skill level 1 in Dodging
   965 | D:2      | Reached XP level 3. HP: 15/33 MP: 2/2
  1196 | D:2      | Noticed Terence
  1205 | D:2      | Killed Terence
  1205 | D:2      | Reached XP level 4. HP: 31/40 MP: 3/3
  1395 | D:2      | Reached skill level 4 in Long Blades
  1795 | D:3      | Found a runed gate.
  1795 | D:3      | Found a runed gate.
  1795 | D:3      | Found a runed gate.
  1795 | D:3      | Noticed Jielit's ghost (amateur GnWn)
  2233 | D:3      | Found a hide-covered altar of Uskayaw.
  2317 | D:3      | Reached XP level 5. HP: 47/47 MP: 4/4
  2521 | D:3      | Found a faded altar of an unknown god.
  2521 | D:3      | Found a faded altar of an unknown god.
  2527 | D:3      | Found an ancient bone altar of Kikubaaqudgha.
  2529 | D:3      | Found a radiant altar of Vehumet.
  2530 | D:3      | Found a shadowy altar of Dithmenos.
  2785 | D:4      | Reached skill level 5 in Long Blades
  2809 | D:4      | Reached XP level 6. HP: 55/55 MP: 5/5
  2815 | D:4      | Reached skill level 5 in Fighting
  2822 | D:4      | Reached skill level 5 in Armour
  2834 | D:4      | Found a blossoming altar of Fedhas.
  3083 | D:4      | Found a staircase to the Ecumenical Temple.
  3348 | D:4      | Reached skill level 6 in Long Blades
  3348 | D:4      | Reached XP level 7. HP: 61/61 MP: 6/6
  3583 | Temple   | Entered the Ecumenical Temple
  3712 | Temple   | Became a worshipper of Makhleb the Destroyer
  3777 | D:5      | Entered Level 5 of the Dungeon
  4132 | D:5      | Noticed Eustachio
  4135 | D:5      | Noticed Grinder
  4160 | D:5      | Paralysed by Grinder for 5 turns
  4166 | D:5      | Killed Grinder
  4166 | D:5      | Reached skill level 7 in Long Blades
  4172 | D:5      | Killed Eustachio
  4172 | D:5      | Reached XP level 8. HP: 39/70 MP: 7/7
  4723 | D:6      | Reached skill level 8 in Long Blades
  4891 | D:6      | Reached skill level 5 in Dodging
  5062 | D:6      | Reached skill level 9 in Long Blades
  5428 | D:6      | Reached * piety under Makhleb
  5637 | D:7      | Reached XP level 9. HP: 79/79 MP: 8/8
  5856 | D:7      | Found a shimmering altar of Xom.
  5856 | D:7      | Found an opulent altar of Gozag.
  5856 | D:7      | Found a shattered altar of Ashenzari.
  6140 | D:7      | Reached skill level 10 in Long Blades
  6187 | D:7      | Reached ** piety under Makhleb
  6412 | D:7      | Reached skill level 1 in Invocations
  6816 | D:8      | Found a deep blue altar of Sif Muna.
  6937 | D:8      | Found a stormy altar of Qazlal.
  7172 | D:8      | Found an ornate altar of the Wu Jian Council.
  7196 | D:8      | Reached *** piety under Makhleb
  7224 | D:8      | Noticed a two-headed ogre
  7242 | D:8      | HP: 2/82 [two-headed ogre/giant club (6)]
  7244 | D:8      | Mangled by a two-headed ogre

Vault maps used:
D:1:      elethiomel_arrival_infinity_welcomes_careful_drivers
D:2:      uniq_terence
D:3:      chequers_temple_overflow_minitemple, old_standard_altar, first_ration,
          gammafunk_ghost_necromancy
D:4:      kennysheep_mini, minmay_temple_entry_statues
D:5:      uniq_grinder, uniq_eustachio
D:7:      grunt_temple_overflow_open
D:8:      lemuel_doored_altar, kennysheep_little_box,
          hangedman_little_slice_of_home, nicolae_qazlal_eye_of_the_storm
Temple:   kb_corrupted_temple

Skill      XL: |  1  2  3  4  5  6  7  8  9 |
---------------+----------------------------+-----
Long Blades    | 3 4 5 6 7 9 10 | 10.9
Dodging        | 1 2 3 4 5 6 |  6.7
Fighting       | 4 5 6 7 8 |  8.4
Armour         | 4 5 6 7 8 |  8.3
Invocations    | 2 |  2.3
Shields        | |  3.6

Action                   |  1- 3 |  4- 6 |  7- 9 || total
-------------------------+-------+-------+-------++-------
Melee: Long sword        |    77 |   120 |    83 ||   280
       Headbutt          |    13 |    31 |    88 ||   132
       Rapier            |       |       |   310 ||   310
  Use: Scroll            |       |     7 |    11 ||    18
       Potion            |       |       |     4 ||     4
  Eat: Chunk             |       |     7 |    12 ||    19
       Ration            |       |       |     1 ||     1
Armor: Scale mail        |    53 |    29 |    91 ||   173
       Skin              |       |       |    34 ||    34
Dodge: Dodged            |    25 |    51 |   217 ||   293
Block: Shield            |    42 |    50 |   195 ||   287
       Rpst.: Long sword |     6 |    13 |    15 ||    34

Table legend:
 A = Spawn XP
 B = Non-spawn XP
 C = Spawn XP percentage of total XP
 D = Spawn monster count
 E = Non-spawn monster count
 F = Spawn count percentage of total count
 G = Total turns spent on level
                    A         B        C        D         E        F      G
               +---------+---------+-------+---------+---------+-------+---------
         Total |       0 |    5477 |   0.0 |       0 |     199 |   0.0 |  7244
               +---------+---------+-------+---------+---------+-------+---------
           D:1 |       0 |      27 |   0.0 |       0 |      15 |   0.0 |   779
           D:2 |       0 |     123 |   0.0 |       0 |      19 |   0.0 |   999
           D:3 |       0 |      68 |   0.0 |       0 |      26 |   0.0 |   826
           D:4 |       0 |     653 |   0.0 |       0 |      25 |   0.0 |  1024
           D:5 |       0 |     913 |   0.0 |       0 |      17 |   0.0 |   932
           D:6 |       0 |     956 |   0.0 |       0 |      22 |   0.0 |   922
           D:7 |       0 |    1733 |   0.0 |       0 |      46 |   0.0 |  1097
           D:8 |       0 |    1004 |   0.0 |       0 |      29 |   0.0 |   516
               +---------+---------+-------+---------+---------+-------+---------
